Punishers vs Griffins

Created - May 3, 2021 at 21:58

Goals
1 2 3 T
Punishers 2 2 1 5
Griffins 2 1 3 6
Shots
1 2 3 T
Punishers 7 14 12 33
Griffins 12 8 18 38

1st period

1. Punishers , Tyler Bertuzzi 31 (Carter Ashton 30, Radek Faksa 58) at 1:24 (PP)
2. Griffins , Riley Armstrong 21 (Max Domi 47, Ryan Pulock 10) at 5:22
3. Punishers , Andreas Athanasiou 31 (Corey Tropp 38, Zack Hamill 35) at 8:38
4. Griffins , Mathew Barzal 12 (Danny Kristo 22, Brandon Pirri 40) at 18:00

Penalties :
Brandon Pirri (Gra) for Holding (Minor) at 1:04, Michael Joly (Pro) for Roughing (Minor) at 11:03

2nd period

5. Punishers , Corey Tropp 36 (Zack Hamill 36, Noah Juulsen 14) at 10:10
6. Griffins , Rourke Chartier 9 (Ryan Pulock 11) at 15:24
7. Punishers , Nikita Gusev 19 (Adam Pelech 42, Radek Faksa 59) at 19:55

Penalties :
Adam Pelech (Pro) for Tripping (Minor) at 1:01, Madison Bowey (Pro) for Hooking (Minor) at 12:03

3rd period

8. Griffins , Riley Armstrong 22 (Adam Gaudette 27, Phil Oreskovic 21) at 1:54
9. Griffins , Rourke Chartier 10 (Sonny Milano 18, Max Domi 48) at 6:50
10. Griffins , Max Domi 31 (Jordie Benn 24, Marcus Pettersson 41) at 7:16
11. Punishers , Carter Ashton 17 (John Quenneville 15, Ben Betker 13) at 10:10

Penalties :
No Penalty

Goalie Stats

Louis Domingue (Pro), 11 saves from 11 shots - (1.000), 12:26 minutes
Daniel Altshuller (Pro), 21 saves from 27 shots - (0.778), L, 6-8-3, 47:16 minutes
Igor Shesterkin (Gra), 28 saves from 33 shots - (0.848), W, 17-14-5, 60:00 minutes

Players Stats for Punishers

Player Name              G  A  P  +/- PIM S  H  SB GA TA FO     MP     PP MP  PK MP  
------------------------------------------------------------------------------------
Adam Pelech              0  1  1   0  2   3  5  3  3  0  0/0    27:15   0:04   2:21 
Alex Schoenborn          0  0  0   0  0   0  0  0  0  0  0/0     0:00   0:00   0:00 
Andreas Athanasiou       1  0  1   1  0   7  1  0  0  0  0/0    20:24   0:16   2:12 
Anton Blidh              0  0  0   0  0   0  0  0  0  0  0/0     0:00   0:00   0:00 
Austen Brassard          0  0  0   1  0   0  2  0  0  0  0/0    11:09   0:00   0:00 
Austin Wagner            0  0  0   0  0   0  0  0  0  0  0/0     0:00   0:00   0:00 
Ben Betker               0  1  1  -2  0   1  1  1  0  0  0/0    19:43   0:16   2:16 
Carter Ashton            1  1  2  -4  0   3  1  0  1  1  0/1    16:18   0:04   0:00 
Connor Clifton           0  0  0   0  0   0  1  0  0  0  0/0    13:51   0:00   2:10 
Corey Tropp              1  1  2   1  0   5  4  1  1  1  0/0    22:16   0:16   3:15 
Daniel Audette           0  0  0   0  0   0  0  0  0  1  0/1     7:02   0:00   0:00 
Fredrik Claesson         0  0  0  -2  0   0  0  0  0  0  0/0    19:43   0:16   2:16 
Gabriel Gagne            0  0  0   0  0   0  0  0  0  0  0/0     0:00   0:00   0:00 
John Quenneville         0  1  1   1  0   2  0  0  0  0  2/6    11:09   0:00   0:00 
Joseph Cramarossa        0  0  0   0  0   1  1  0  0  0  0/1     7:28   0:00   0:26 
Madison Bowey            0  0  0   0  2   1  0  1  0  3  0/0    23:22   0:04   2:17 
Michael Joly             0  0  0   0  2   0  0  0  1  0  0/1     8:20   0:00   0:00 
Nicolas Roy              0  0  0   0  0   0  0  0  0  0  0/0     1:21   0:00   0:48 
Nikita Gusev             1  0  1   1  0   1  0  0  0  1  0/0    11:09   0:00   0:00 
Niko Mikkola             0  0  0   0  0   0  0  0  0  0  0/0     5:15   0:00   0:27 
Noah Juulsen             0  1  1   0  0   0  1  3  0  0  0/0    11:22   0:00   0:07 
Radek Faksa              0  2  2  -4  0   4  1  0  0  0  5/11   18:12   0:04   1:54 
Tyler Bertuzzi           1  0  1  -4  0   3  2  0  1  0  0/1    16:18   0:04   0:00 
Zack Hamill              0  2  2   1  0   2  1  0  1  0  31/45  22:23   0:16   3:19 

Players Stats for Griffins

Player Name              G  A  P  +/- PIM S  H  SB GA TA FO     MP     PP MP  PK MP  
------------------------------------------------------------------------------------
Adam Gaudette            0  1  1   3  0   2  4  0  0  0  0/1    17:45   2:45   0:00 
Ben Hanowski             0  0  0  -2  0   2  1  1  0  1  0/1    19:10   0:05   0:04 
Brandon Pirri            0  1  1  -1  2   4  3  0  0  0  0/0    14:09   2:45   0:00 
Brendan Woods            0  0  0   2  0   0  0  0  0  0  1/1     8:29   0:00   0:16 
Danny Kristo             0  1  1  -1  0   3  4  1  0  1  0/1    13:42   0:13   0:16 
Dylan Larkin             0  0  0  -2  0   4  0  0  1  2  16/37  20:43   2:59   0:00 
Jordie Benn              0  1  1  -1  0   1  3  1  0  0  0/0    22:37   3:06   0:20 
Marcus Pettersson        0  1  1  -1  0   2  1  2  0  0  0/0    22:17   3:06   0:00 
Mathew Barzal            1  0  1  -1  0   2  1  0  0  0  0/2    14:29   2:51   0:00 
Max Domi                 1  2  3   3  0   3  1  0  1  0  0/2    18:01   2:59   0:00 
Phil Oreskovic           0  1  1   3  0   0  0  1  0  2  0/0    15:29   0:00   0:00 
Riley Armstrong          2  0  2   3  0   5  2  0  2  1  8/15   17:55   2:45   0:00 
Rourke Chartier          2  0  2   2  0   3  0  1  1  0  2/2     7:46   0:00   0:00 
Ryan Pulock              0  2  2   3  0   2  1  0  0  0  0/0    15:29   0:00   0:00 
Simon Despres            0  0  0   0  0   1  1  2  0  1  0/0    19:00   0:00   0:20 
Sonny Milano             0  1  1   2  0   2  2  0  0  0  1/1     9:23   0:16   0:00 
Travis Sanheim           0  0  0   0  0   2  0  5  1  0  0/0    21:54   2:51   0:00 
Tye McGinn               0  0  0  -2  0   0  2  0  1  0  1/4    21:21   3:04   0:04 

3 Stars

1 - Riley Armstrong (Gra)
2 - Max Domi (Gra)
3 - Rourke Chartier (Gra)

Power Play

Punishers - 1 on 1 Attempt(s) - 100.00%
Griffins - 0 on 3 Attempt(s) - 0.00%

Penalty Kill

Punishers - 3 on 3 Attempt(s) - 100.00% - Score 0 goal in Penalty Kill
Griffins - 0 on 1 Attempt(s) - 0.00% - Score 0 goal in Penalty Kill

Team Stat

Punishers - Hits : 21 - Faceoff Wins : 38 - Blocked Shots : 9 - Penalty Minutes : 6
Griffins - Hits : 26 - Faceoff Wins : 29 - Blocked Shots : 14 - Penalty Minutes : 2

Official

Referees : Unknown
Linesman : Unknown

Game Notes

Louis Domingue enters game at 7:16 of 3rd period

Finance

Level 1 -- Attendance: 1788 (89.40%) -- Ticket Income $62,580
Level 2 -- Attendance: 643 (64.30%) -- Ticket Income $12,860
Total Attendance: 2431 (81.03%)
Total Ticket Income: $75,440
Other Income: $3,772
Total Income: $79,212

Punishers

5 vs 5 Forward 
   Center                   Left Wing                Right Wing               Time % Phy DF OF 
 1 Zack Hamill              Andreas Athanasiou       Corey Tropp              40     1   2  2  
 2 Radek Faksa              Tyler Bertuzzi           Carter Ashton            30     1   2  2  
 3 John Quenneville         Nikita Gusev             Austen Brassard          20     1   2  2  
 4 Daniel Audette           Joseph Cramarossa        Michael Joly             10     1   2  2  

5 vs 5 Defense 
   Defense                  Defense                                           Time % Phy DF OF 
 1 Adam Pelech              Madison Bowey                                     40     1   2  2  
 2 Ben Betker               Fredrik Claesson                                  30     1   2  2  
 3 Noah Juulsen             Connor Clifton                                    20     1   2  2  
 4 Niko Mikkola             Adam Pelech                                       10     1   2  2  

PowerPlay Forward 
   Center                   Left Wing                Right Wing               Time % Phy DF OF 
 1 Zack Hamill              Andreas Athanasiou       Corey Tropp              60     1   2  2  
 2 Radek Faksa              Tyler Bertuzzi           Carter Ashton            40     1   2  2  

PowerPlay Defense
   Defense                  Defense                                           Time % Phy DF OF 
 1 Adam Pelech              Madison Bowey                                     60     1   2  2  
 2 Ben Betker               Fredrik Claesson                                  40     1   2  2  

Penalty Kill 4 Players Forward 
   Center                   Wing                     Time % Phy DF OF 
 1 Zack Hamill              Corey Tropp              60     1   2  2  
 2 Andreas Athanasiou       Radek Faksa              40     1   2  2  

Penalty Kill 4 Players Defense
   Defense                  Defense                  Time % Phy DF OF 
 1 Adam Pelech              Madison Bowey            60     1   2  2  
 2 Ben Betker               Fredrik Claesson         40     1   2  2  

Penalty Kill - 3 Players Forward 
   Forward                                           Time % Phy DF OF 
 1 Zack Hamill                                       60     1   2  2  
 2 Corey Tropp                                       40     1   2  2  

Penalty Kill - 3 Players Defense
   Defense                  Defense                  Time % Phy DF OF 
 1 Adam Pelech              Madison Bowey            60     1   2  2  
 2 Ben Betker               Fredrik Claesson         40     1   2  2  

4 vs 4 Forward 
   Center                   Wing                     Time % Phy DF OF 
 1 Zack Hamill              Corey Tropp              60     1   2  2  
 2 Andreas Athanasiou       Radek Faksa              40     1   2  2  

4 vs 4 Defense
   Defense                  Defense                  Time % Phy DF OF 
 1 Adam Pelech              Madison Bowey            60     1   2  2  
 2 Ben Betker               Fredrik Claesson         40     1   2  2  

Last Minutes Offensive
   Center                   Left Wing                Right Wing               Defense                  Defense                  
   Zack Hamill              Andreas Athanasiou       Corey Tropp              Adam Pelech              Madison Bowey            

Last Minutes Defensive
   Center                   Left Wing                Right Wing               Defense                  Defense                  
   Zack Hamill              Andreas Athanasiou       Corey Tropp              Adam Pelech              Madison Bowey            

Goaltenders
Starting : Daniel Altshuller        
Backup : Louis Domingue           

Extra Forwards
Normal : Anton Blidh, Alex Schoenborn, Nicolas Roy - PP : Anton Blidh, Alex Schoenborn - PK : Nicolas Roy
Extra Defensemen
Normal : Noah Juulsen, Connor Clifton, Niko Mikkola - PP : Noah Juulsen - PK : Connor Clifton, Niko Mikkola
Penalty Shots
Zack Hamill, Corey Tropp, Andreas Athanasiou, Radek Faksa, Tyler Bertuzzi

Scratches
Brett Kulak (Broken Right Thumb Injury), Elias Lindholm (Healthy)

Griffins

5 vs 5 Forward 
   Center                   Left Wing                Right Wing               Time % Phy DF OF 
 1 Dylan Larkin             Tye McGinn               Ben Hanowski             40     0   2  3  
 2 Riley Armstrong          Max Domi                 Adam Gaudette            30     0   2  3  
 3 Mathew Barzal            Brandon Pirri            Danny Kristo             20     0   2  3  
 4 Rourke Chartier          Sonny Milano             Brendan Woods            10     0   3  2  

5 vs 5 Defense 
   Defense                  Defense                                           Time % Phy DF OF 
 1 Travis Sanheim           Simon Despres                                     35     0   3  2  
 2 Marcus Pettersson        Jordie Benn                                       35     0   3  2  
 3 Ryan Pulock              Phil Oreskovic                                    15     0   3  2  
 4 Ryan Pulock              Phil Oreskovic                                    15     0   3  2  

PowerPlay Forward 
   Center                   Left Wing                Right Wing               Time % Phy DF OF 
 1 Dylan Larkin             Tye McGinn               Max Domi                 60     0   1  4  
 2 Riley Armstrong          Brandon Pirri            Adam Gaudette            40     0   1  4  

PowerPlay Defense
   Defense                  Defense                                           Time % Phy DF OF 
 1 Jordie Benn              Marcus Pettersson                                 60     0   2  3  
 2 Mathew Barzal            Travis Sanheim                                    40     0   2  3  

Penalty Kill 4 Players Forward 
   Center                   Wing                     Time % Phy DF OF 
 1 Danny Kristo             Brendan Woods            60     0   4  1  
 2 Ben Hanowski             Tye McGinn               40     0   4  1  

Penalty Kill 4 Players Defense
   Defense                  Defense                  Time % Phy DF OF 
 1 Jordie Benn              Simon Despres            60     1   2  2  
 2 Phil Oreskovic           Ryan Pulock              40     1   2  2  

Penalty Kill - 3 Players Forward 
   Forward                                           Time % Phy DF OF 
 1 Brendan Woods                                     60     0   4  1  
 2 Danny Kristo                                      40     0   4  1  

Penalty Kill - 3 Players Defense
   Defense                  Defense                  Time % Phy DF OF 
 1 Jordie Benn              Simon Despres            60     1   2  2  
 2 Phil Oreskovic           Ryan Pulock              40     1   2  2  

4 vs 4 Forward 
   Center                   Wing                     Time % Phy DF OF 
 1 Dylan Larkin             Tye McGinn               60     0   2  3  
 2 Max Domi                 Adam Gaudette            40     0   2  3  

4 vs 4 Defense
   Defense                  Defense                  Time % Phy DF OF 
 1 Travis Sanheim           Simon Despres            60     0   3  2  
 2 Jordie Benn              Marcus Pettersson        40     0   3  2  

Last Minutes Offensive
   Center                   Left Wing                Right Wing               Defense                  Defense                  
   Dylan Larkin             Tye McGinn               Max Domi                 Marcus Pettersson        Travis Sanheim           

Last Minutes Defensive
   Center                   Left Wing                Right Wing               Defense                  Defense                  
   Tye McGinn               Brendan Woods            Danny Kristo             Phil Oreskovic           Simon Despres            

Goaltenders
Starting : Igor Shesterkin          
Backup : Olivier Roy              

Extra Forwards
Normal : Dylan Larkin, Max Domi, Mathew Barzal - PP : Sonny Milano, Danny Kristo - PK : Brandon Pirri
Extra Defensemen
Normal : Travis Sanheim, Marcus Pettersson, Phil Oreskovic - PP : Simon Despres - PK : Marcus Pettersson, Travis Sanheim
Penalty Shots
Dylan Larkin, Brandon Pirri, Danny Kristo, Sonny Milano, Ben Hanowski

Scratches
Vladislav Namestnikov (Healthy), Garrett Wilson (Healthy), Mathieu Joseph (Healthy), Troy Terry (Healthy), Tanner Kero (Healthy)
Greg McKegg (Healthy), Nikita Pavlychev (Healthy), Konrad Abeltshauser (Healthy), Dylan DeMelo (Healthy), Tomas Hyka (Healthy)
Ian McCoshen (Healthy), Michael Bunting (Healthy), Ryan Mantha (Healthy), Jack Ramsey (Healthy), Marcus Hogberg (Healthy)

% Time on Ice - Punishers

Lines # - Real PCT - Wanted PCT - Time Play
Normal Forward
1 - 35% - 40% - 18:51
2 - 30% - 30% - 16:14
3 - 21% - 20% - 11:09
4 - 13% - 10% - 7:02
Normal Defense
1 - 39% - 40% - 20:37
2 - 32% - 30% - 17:11
3 - 21% - 20% - 11:12
4 - 8% - 10% - 4:16
PP Forward
1 - 80% - 60% - 0:16
2 - 20% - 40% - 0:04
PP Defense
1 - 20% - 60% - 0:04
2 - 80% - 40% - 0:16
PK Forward
1 - 75% - 60% - 4:29
2 - 25% - 40% - 1:28
PK Defense
1 - 62% - 60% - 3:41
2 - 38% - 40% - 2:16
PK3 Forward
1 - 0% - 60%
2 - 0% - 40%
PK3 Defense
1 - 0% - 60%
2 - 0% - 40%
44 Forward
1 - 0% - 60%
2 - 0% - 40%
44 Defense
1 - 0% - 60%
2 - 0% - 40%
Last Minute Offensive  - 0:27
Last Minute Defensive  - 0:00
Total
Forward - 60:00
Defense - 60:00

% Time on Ice - Griffins

Lines # - Real PCT - Wanted PCT - Time Play
Normal Forward
1 - 36% - 40% - 19:05
2 - 28% - 30% - 15:00
3 - 21% - 20% - 11:25
4 - 15% - 10% - 7:46
Normal Defense
1 - 36% - 35% - 19:11
2 - 35% - 35% - 18:36
3 - 13% - 15% - 7:07
4 - 16% - 15% - 8:22
PP Forward
1 - 54% - 60% - 3:12
2 - 46% - 40% - 2:45
PP Defense
1 - 52% - 60% - 3:06
2 - 48% - 40% - 2:51
PK Forward
1 - 80% - 60% - 0:16
2 - 20% - 40% - 0:04
PK Defense
1 - 100% - 60% - 0:20
2 - 0% - 40% - 0:00
PK3 Forward
1 - 0% - 60%
2 - 0% - 40%
PK3 Defense
1 - 0% - 60%
2 - 0% - 40%
44 Forward
1 - 0% - 60%
2 - 0% - 40%
44 Defense
1 - 0% - 60%
2 - 0% - 40%
Last Minute Offensive  - 0:00
Last Minute Defensive  - 0:27
Total
Forward - 60:00
Defense - 60:00

Play-by-Play

1st period


0:01 of 1st period - Dylan Larkin wins face-off versus Zack Hamill in neutral zone.
1:04 of 1st period - Minor Penalty to Brandon Pirri for Holding.
1:05 of 1st period - Zack Hamill wins face-off versus Danny Kristo in Griffins zone.
1:20 of 1st period - Wrist shot by Corey Tropp.
1:20 of 1st period - Deflect By Simon Despres.
1:20 of 1st period - Shot Misses the Net.
1:20 of 1st period - Puck is out of play.
1:21 of 1st period - Radek Faksa wins face-off versus Ben Hanowski in Griffins zone.
1:24 of 1st period - Slapshot by Tyler Bertuzzi.
1:24 of 1st period - Goal by Tyler Bertuzzi - Punishers : 1 - Griffins : 0.
1:25 of 1st period - Dylan Larkin wins face-off versus Zack Hamill in neutral zone.
1:58 of 1st period - Wrist shot by Max Domi.
1:58 of 1st period - Deflect By Riley Armstrong.
1:58 of 1st period - Shot Hit the Post.
1:58 of 1st period - Puck is out of play.
1:59 of 1st period - Brendan Woods wins face-off versus Michael Joly in Punishers zone.
2:10 of 1st period - Snap shot by Sonny Milano.
2:10 of 1st period - Stopped by Daniel Altshuller without a rebound.
2:11 of 1st period - Zack Hamill wins face-off versus Dylan Larkin in Punishers zone.
2:38 of 1st period - Ryan Pulock is hit by Adam Pelech and loses puck.
2:51 of 1st period - Wrist shot by John Quenneville.
2:51 of 1st period - Shot Misses the Net.
3:05 of 1st period - Brandon Pirri is hit by Tyler Bertuzzi and loses puck.
3:40 of 1st period - Snap shot by Joseph Cramarossa.
3:40 of 1st period - Shot Misses the Net.
3:42 of 1st period - Slapshot by Joseph Cramarossa.
3:42 of 1st period - Stopped by Igor Shesterkin with a rebound.
4:10 of 1st period - Danny Kristo is hit by Adam Pelech.
4:14 of 1st period - Slapshot by Brandon Pirri.
4:14 of 1st period - Shot Blocked by Adam Pelech.
4:16 of 1st period - Slapshot by Simon Despres.
4:16 of 1st period - Shot Misses the Net.
4:18 of 1st period - Snap shot by Mathew Barzal.
4:18 of 1st period - Shot Misses the Net.
4:28 of 1st period - Adam Pelech is hit by Sonny Milano and loses puck.
4:47 of 1st period - Slapshot by Zack Hamill.
4:47 of 1st period - Shot Misses the Net.
4:49 of 1st period - Wrist shot by Adam Pelech.
4:49 of 1st period - Deflect By John Quenneville.
4:49 of 1st period - Shot Blocked by Phil Oreskovic.
4:49 of 1st period - Puck is out of play.
4:50 of 1st period - Dylan Larkin wins face-off versus John Quenneville in Griffins zone.
4:59 of 1st period - Ryan Pulock is hit by Austen Brassard and loses puck.
5:22 of 1st period - Snap shot by Riley Armstrong.
5:22 of 1st period - Goal by Riley Armstrong - Punishers : 1 - Griffins : 1.
5:23 of 1st period - Radek Faksa wins face-off versus Dylan Larkin in neutral zone.
5:49 of 1st period - Radek Faksa is hit by Brandon Pirri and loses puck.
5:58 of 1st period - Wrist shot by Brandon Pirri.
5:58 of 1st period - Shot Blocked by Noah Juulsen.
6:18 of 1st period - Snap shot by Carter Ashton.
6:18 of 1st period - Stopped by Igor Shesterkin with a rebound.
6:28 of 1st period - Slapshot by Danny Kristo.
6:28 of 1st period - Shot Misses the Net.
6:30 of 1st period - Snap shot by Danny Kristo.
6:30 of 1st period - Deflect By Brandon Pirri.
6:30 of 1st period - Stopped by Daniel Altshuller with a rebound.
6:38 of 1st period - Wrist shot by Danny Kristo.
6:38 of 1st period - Stopped by Daniel Altshuller with a rebound.
7:00 of 1st period - Wrist shot by Danny Kristo.
7:00 of 1st period - Shot Misses the Net.
7:10 of 1st period - Snap shot by Brandon Pirri.
7:10 of 1st period - Stopped by Daniel Altshuller with a rebound.
7:14 of 1st period - Wrist shot by Brandon Pirri.
7:14 of 1st period - Stopped by Daniel Altshuller with a rebound.
7:47 of 1st period - Snap shot by Radek Faksa.
7:47 of 1st period - Stopped by Igor Shesterkin with a rebound.
8:20 of 1st period - Snap shot by Brandon Pirri.
8:20 of 1st period - Deflect By Mathew Barzal.
8:20 of 1st period - Stopped by Daniel Altshuller with a rebound.
8:22 of 1st period - Slapshot by Simon Despres.
8:22 of 1st period - Stopped by Daniel Altshuller with a rebound.
8:24 of 1st period - Wrist shot by Danny Kristo.
8:24 of 1st period - Stopped by Daniel Altshuller without a rebound.
8:25 of 1st period - Zack Hamill wins face-off versus Dylan Larkin in Punishers zone.
8:36 of 1st period - Wrist shot by Corey Tropp.
8:36 of 1st period - Shot Blocked by Marcus Pettersson.
8:38 of 1st period - Snap shot by Andreas Athanasiou.
8:38 of 1st period - Goal by Andreas Athanasiou - Punishers : 2 - Griffins : 1.
8:39 of 1st period - Zack Hamill wins face-off versus Riley Armstrong in neutral zone.
8:46 of 1st period - Madison Bowey is hit by Jordie Benn and loses puck.
8:53 of 1st period - Snap shot by Andreas Athanasiou.
8:53 of 1st period - Shot Misses the Net.
8:55 of 1st period - Snap shot by Adam Pelech.
8:55 of 1st period - Shot Misses the Net.
9:17 of 1st period - Icing by Ben Hanowski.
9:18 of 1st period - Dylan Larkin wins face-off versus Zack Hamill in Griffins zone.
9:18 of 1st period - Dylan Larkin is hit by Corey Tropp.
9:25 of 1st period - Off-side.
9:26 of 1st period - Zack Hamill wins face-off versus Riley Armstrong in neutral zone.
10:11 of 1st period - Snap shot by Zack Hamill.
10:11 of 1st period - Shot Misses the Net.
10:19 of 1st period - Snap shot by Corey Tropp.
10:19 of 1st period - Stopped by Igor Shesterkin without a rebound.
10:20 of 1st period - Riley Armstrong wins face-off versus John Quenneville in Griffins zone.
10:20 of 1st period - Riley Armstrong is hit by Austen Brassard.
10:46 of 1st period - Jordie Benn is hit by Noah Juulsen and loses puck.
11:03 of 1st period - Minor Penalty to Michael Joly for Roughing.
11:04 of 1st period - Zack Hamill wins face-off versus Max Domi in Punishers zone.
11:04 of 1st period - Zack Hamill is hit by Tye McGinn.
11:18 of 1st period - Slapshot by Dylan Larkin.
11:18 of 1st period - Shot Blocked by Adam Pelech.
11:20 of 1st period - Slapshot by Travis Sanheim.
11:20 of 1st period - Stopped by Daniel Altshuller with a rebound.
13:03 of 1st period - Penalty to Michael Joly is over, Michael Joly is back on ice.
13:04 of 1st period - Michael Joly is hit by Marcus Pettersson and loses puck.
13:13 of 1st period - Slapshot by Ben Hanowski.
13:13 of 1st period - Stopped by Daniel Altshuller with a rebound.
13:23 of 1st period - Danny Kristo is hit by Corey Tropp and loses puck.
13:37 of 1st period - Danny Kristo is hit by Corey Tropp and loses puck.
14:19 of 1st period - Slapshot by Corey Tropp.
14:19 of 1st period - Shot Misses the Net.
14:21 of 1st period - Slapshot by Ben Betker.
14:21 of 1st period - Deflect By Corey Tropp.
14:21 of 1st period - Shot Misses the Net.
14:21 of 1st period - Puck is out of play.
14:22 of 1st period - Riley Armstrong wins face-off versus John Quenneville in Griffins zone.
14:31 of 1st period - Wrist shot by Riley Armstrong.
14:31 of 1st period - Deflect By Max Domi.
14:31 of 1st period - Shot Blocked by Madison Bowey.
14:31 of 1st period - Puck is out of play.
14:32 of 1st period - John Quenneville wins face-off versus Riley Armstrong in Punishers zone.
14:32 of 1st period - John Quenneville is hit by Riley Armstrong.
15:13 of 1st period - Snap shot by Nikita Gusev.
15:13 of 1st period - Shot Misses the Net.
15:15 of 1st period - Slapshot by Adam Pelech.
15:15 of 1st period - Shot Misses the Net.
15:17 of 1st period - Slapshot by Adam Pelech.
15:17 of 1st period - Deflect By John Quenneville.
15:17 of 1st period - Stopped by Igor Shesterkin without a rebound.
15:18 of 1st period - Dylan Larkin wins face-off versus Radek Faksa in Griffins zone.
15:30 of 1st period - Radek Faksa is hit by Ben Hanowski and loses puck.
15:43 of 1st period - Daniel Audette is hit by Mathew Barzal and loses puck.
17:53 of 1st period - Connor Clifton is hit by Danny Kristo and loses puck.
18:00 of 1st period - Snap shot by Mathew Barzal.
18:00 of 1st period - Goal by Mathew Barzal - Punishers : 2 - Griffins : 2.
18:01 of 1st period - Dylan Larkin wins face-off versus Zack Hamill in neutral zone.
18:07 of 1st period - Icing by Adam Pelech.
18:08 of 1st period - Zack Hamill wins face-off versus Dylan Larkin in Punishers zone.
18:17 of 1st period - Snap shot by Zack Hamill.
18:17 of 1st period - Shot Misses the Net.
18:19 of 1st period - Slapshot by Madison Bowey.
18:19 of 1st period - Shot Blocked by Jordie Benn.
18:59 of 1st period - Off-side.
19:00 of 1st period - Rourke Chartier wins face-off versus Joseph Cramarossa in neutral zone.
19:11 of 1st period - Travis Sanheim is hit by Joseph Cramarossa.
Goals for this period are 2 for Punishers vs 2 for Griffins.
Shots for this period are 7 for Punishers vs 12 for Griffins.

2nd period


0:01 of 2nd period - Zack Hamill wins face-off versus Dylan Larkin in neutral zone.
0:26 of 2nd period - Marcus Pettersson is hit by Tyler Bertuzzi and loses puck.
0:35 of 2nd period - Slapshot by Radek Faksa.
0:35 of 2nd period - Shot Misses the Net.
0:37 of 2nd period - Slapshot by Tyler Bertuzzi.
0:37 of 2nd period - Shot Misses the Net.
0:50 of 2nd period - Icing by Marcus Pettersson.
0:51 of 2nd period - Rourke Chartier wins face-off versus Daniel Audette in Griffins zone.
1:01 of 2nd period - Minor Penalty to Adam Pelech for Tripping.
1:02 of 2nd period - Zack Hamill wins face-off versus Tye McGinn in Punishers zone.
1:27 of 2nd period - Madison Bowey is hit by Adam Gaudette and loses puck.
2:33 of 2nd period - Max Domi is hit by Connor Clifton.
3:01 of 2nd period - Penalty to Adam Pelech is over, Adam Pelech is back on ice.
4:24 of 2nd period - Snap shot by Nikita Gusev.
4:24 of 2nd period - Shot Misses the Net.
4:26 of 2nd period - Slapshot by Ben Betker.
4:26 of 2nd period - Stopped by Igor Shesterkin with a rebound.
4:49 of 2nd period - Wrist shot by Dylan Larkin.
4:49 of 2nd period - Stopped by Daniel Altshuller with a rebound.
5:08 of 2nd period - Zack Hamill is hit by Danny Kristo and loses puck.
5:50 of 2nd period - Niko Mikkola is hit by Ryan Pulock and loses puck.
6:01 of 2nd period - Wrist shot by Sonny Milano.
6:01 of 2nd period - Stopped by Daniel Altshuller with a rebound.
6:24 of 2nd period - Icing by Ryan Pulock.
6:25 of 2nd period - Riley Armstrong wins face-off versus Zack Hamill in Griffins zone.
6:40 of 2nd period - Slapshot by Corey Tropp.
6:40 of 2nd period - Shot Misses the Net.
7:32 of 2nd period - Wrist shot by Andreas Athanasiou.
7:32 of 2nd period - Shot Misses the Net.
7:38 of 2nd period - Slapshot by Marcus Pettersson.
7:38 of 2nd period - Stopped by Daniel Altshuller with a rebound.
7:40 of 2nd period - Snap shot by Rourke Chartier.
7:40 of 2nd period - Shot Misses the Net.
8:40 of 2nd period - Snap shot by John Quenneville.
8:40 of 2nd period - Stopped by Igor Shesterkin without a rebound.
8:41 of 2nd period - Zack Hamill wins face-off versus Dylan Larkin in Griffins zone.
9:35 of 2nd period - Austen Brassard is hit by Danny Kristo and loses puck.
9:46 of 2nd period - Joseph Cramarossa is hit by Simon Despres.
10:10 of 2nd period - Snap shot by Corey Tropp.
10:10 of 2nd period - Goal by Corey Tropp - Punishers : 3 - Griffins : 2.
10:11 of 2nd period - Zack Hamill wins face-off versus Tye McGinn in neutral zone.
10:14 of 2nd period - Slapshot by Adam Pelech.
10:14 of 2nd period - Shot Blocked by Travis Sanheim.
10:16 of 2nd period - Wrist shot by Zack Hamill.
10:16 of 2nd period - Stopped by Igor Shesterkin with a rebound.
10:18 of 2nd period - Snap shot by Corey Tropp.
10:18 of 2nd period - Shot Misses the Net.
10:20 of 2nd period - Wrist shot by Zack Hamill.
10:20 of 2nd period - Shot Blocked by Travis Sanheim.
10:22 of 2nd period - Wrist shot by Zack Hamill.
10:22 of 2nd period - Shot Misses the Net.
10:24 of 2nd period - Snap shot by Corey Tropp.
10:24 of 2nd period - Stopped by Igor Shesterkin without a rebound.
10:25 of 2nd period - Zack Hamill wins face-off versus Dylan Larkin in Griffins zone.
10:32 of 2nd period - Snap shot by Corey Tropp.
10:32 of 2nd period - Shot Blocked by Travis Sanheim.
10:50 of 2nd period - Adam Gaudette is hit by Carter Ashton and loses puck.
11:17 of 2nd period - Backhand shot by John Quenneville.
11:17 of 2nd period - Shot Misses the Net.
11:46 of 2nd period - Icing by Marcus Pettersson.
11:47 of 2nd period - Zack Hamill wins face-off versus Dylan Larkin in Griffins zone.
11:50 of 2nd period - Wrist shot by Zack Hamill.
11:50 of 2nd period - Shot Misses the Net.
12:00 of 2nd period - Slapshot by Jordie Benn.
12:00 of 2nd period - Stopped by Daniel Altshuller without a rebound.
12:01 of 2nd period - Zack Hamill wins face-off versus Dylan Larkin in Punishers zone.
12:03 of 2nd period - Minor Penalty to Madison Bowey for Hooking.
12:04 of 2nd period - Dylan Larkin wins face-off versus Zack Hamill in Punishers zone.
12:35 of 2nd period - Snap shot by Radek Faksa.
12:35 of 2nd period - Stopped by Igor Shesterkin with a rebound.
12:37 of 2nd period - Wrist shot by Connor Clifton.
12:37 of 2nd period - Shot Misses the Net.
12:39 of 2nd period - Wrist shot by Adam Pelech.
12:39 of 2nd period - Deflect By Radek Faksa.
12:39 of 2nd period - Stopped by Igor Shesterkin without a rebound.
12:40 of 2nd period - Zack Hamill wins face-off versus Riley Armstrong in Griffins zone.
12:49 of 2nd period - Slapshot by Corey Tropp.
12:49 of 2nd period - Deflect By Zack Hamill.
12:49 of 2nd period - Stopped by Igor Shesterkin without a rebound.
12:50 of 2nd period - Zack Hamill wins face-off versus Dylan Larkin in Griffins zone.
13:03 of 2nd period - Slapshot by Marcus Pettersson.
13:03 of 2nd period - Shot Blocked by Corey Tropp.
13:05 of 2nd period - Wrist shot by Dylan Larkin.
13:05 of 2nd period - Stopped by Daniel Altshuller with a rebound.
14:03 of 2nd period - Penalty to Madison Bowey is over, Madison Bowey is back on ice.
15:04 of 2nd period - Wrist shot by Carter Ashton.
15:04 of 2nd period - Stopped by Igor Shesterkin with a rebound.
15:06 of 2nd period - Snap shot by Fredrik Claesson.
15:06 of 2nd period - Shot Blocked by Ben Hanowski.
15:08 of 2nd period - Slapshot by Ben Betker.
15:08 of 2nd period - Shot Misses the Net.
15:10 of 2nd period - Backhand shot by Radek Faksa.
15:10 of 2nd period - Stopped by Igor Shesterkin without a rebound.
15:11 of 2nd period - Dylan Larkin wins face-off versus Carter Ashton in Griffins zone.
15:24 of 2nd period - Snap shot by Rourke Chartier.
15:24 of 2nd period - Goal by Rourke Chartier - Punishers : 3 - Griffins : 3.
15:25 of 2nd period - Dylan Larkin wins face-off versus Zack Hamill in neutral zone.
15:34 of 2nd period - Slapshot by Madison Bowey.
15:34 of 2nd period - Deflect By Corey Tropp.
15:34 of 2nd period - Shot Misses the Net.
15:34 of 2nd period - Puck is out of play.
15:35 of 2nd period - Zack Hamill wins face-off versus Dylan Larkin in Griffins zone.
15:50 of 2nd period - Wrist shot by Corey Tropp.
15:50 of 2nd period - Shot Misses the Net.
15:52 of 2nd period - Snap shot by Andreas Athanasiou.
15:52 of 2nd period - Stopped by Igor Shesterkin without a rebound.
15:53 of 2nd period - Riley Armstrong wins face-off versus Tyler Bertuzzi in Griffins zone.
16:20 of 2nd period - Tye McGinn is hit by Andreas Athanasiou and loses puck.
16:31 of 2nd period - Wrist shot by Andreas Athanasiou.
16:31 of 2nd period - Stopped by Igor Shesterkin with a rebound.
16:52 of 2nd period - Backhand shot by Danny Kristo.
16:52 of 2nd period - Stopped by Daniel Altshuller without a rebound.
16:53 of 2nd period - Zack Hamill wins face-off versus Riley Armstrong in Punishers zone.
17:20 of 2nd period - Jordie Benn is hit by Adam Pelech.
17:30 of 2nd period - Slapshot by Dylan Larkin.
17:30 of 2nd period - Shot Misses the Net.
17:32 of 2nd period - Snap shot by Ben Hanowski.
17:32 of 2nd period - Shot Hit the Post.
18:08 of 2nd period - Snap shot by Rourke Chartier.
18:08 of 2nd period - Shot Blocked by Ben Betker.
18:28 of 2nd period - Slapshot by Dylan Larkin.
18:28 of 2nd period - Deflect By Ben Hanowski.
18:28 of 2nd period - Deflect By Daniel Audette.
18:28 of 2nd period - Shot Misses the Net.
18:28 of 2nd period - Puck is out of play.
18:29 of 2nd period - Dylan Larkin wins face-off versus Zack Hamill in Punishers zone.
18:56 of 2nd period - Wrist shot by Max Domi.
18:56 of 2nd period - Stopped by Daniel Altshuller without a rebound.
18:57 of 2nd period - Radek Faksa wins face-off versus Riley Armstrong in Punishers zone.
18:57 of 2nd period - Radek Faksa is hit by Max Domi.
19:04 of 2nd period - Slapshot by Adam Pelech.
19:04 of 2nd period - Shot Misses the Net.
19:06 of 2nd period - Snap shot by Madison Bowey.
19:06 of 2nd period - Stopped by Igor Shesterkin without a rebound.
19:07 of 2nd period - Dylan Larkin wins face-off versus Zack Hamill in Griffins zone.
19:07 of 2nd period - Dylan Larkin is hit by Zack Hamill.
19:17 of 2nd period - Snap shot by Dylan Larkin.
19:17 of 2nd period - Shot Hit the Post.
19:23 of 2nd period - Snap shot by Zack Hamill.
19:23 of 2nd period - Shot Blocked by Simon Despres.
19:35 of 2nd period - Radek Faksa is hit by Adam Gaudette and loses puck.
19:55 of 2nd period - Snap shot by Nikita Gusev.
19:55 of 2nd period - Goal by Nikita Gusev - Punishers : 4 - Griffins : 3.
19:56 of 2nd period - Zack Hamill wins face-off versus Tye McGinn in neutral zone.
Goals for this period are 2 for Punishers vs 1 for Griffins.
Shots for this period are 14 for Punishers vs 8 for Griffins.

3rd period


0:01 of 3rd period - Zack Hamill wins face-off versus Dylan Larkin in neutral zone.
0:26 of 3rd period - Adam Pelech is hit by Adam Gaudette and loses puck.
0:53 of 3rd period - Nikita Gusev is hit by Jordie Benn and loses puck.
1:52 of 3rd period - Wrist shot by Adam Gaudette.
1:52 of 3rd period - Stopped by Daniel Altshuller with a rebound.
1:54 of 3rd period - Snap shot by Riley Armstrong.
1:54 of 3rd period - Goal by Riley Armstrong - Punishers : 4 - Griffins : 4.
1:55 of 3rd period - Zack Hamill wins face-off versus Dylan Larkin in neutral zone.
2:54 of 3rd period - Slapshot by Brandon Pirri.
2:54 of 3rd period - Shot Blocked by Noah Juulsen.
3:11 of 3rd period - Slapshot by Rourke Chartier.
3:11 of 3rd period - Deflect By Noah Juulsen.
3:11 of 3rd period - Stopped by Daniel Altshuller without a rebound.
3:12 of 3rd period - Zack Hamill wins face-off versus Dylan Larkin in Punishers zone.
3:19 of 3rd period - Icing by Dylan Larkin.
3:20 of 3rd period - Zack Hamill wins face-off versus Dylan Larkin in Griffins zone.
3:25 of 3rd period - Slapshot by Corey Tropp.
3:25 of 3rd period - Stopped by Igor Shesterkin without a rebound.
3:26 of 3rd period - Zack Hamill wins face-off versus Dylan Larkin in Griffins zone.
3:55 of 3rd period - Icing by Riley Armstrong.
3:56 of 3rd period - Riley Armstrong wins face-off versus Radek Faksa in Griffins zone.
4:01 of 3rd period - Radek Faksa is hit by Riley Armstrong and loses puck.
4:20 of 3rd period - Adam Gaudette is hit by Radek Faksa and loses puck.
4:41 of 3rd period - Wrist shot by Radek Faksa.
4:41 of 3rd period - Shot Misses the Net.
4:43 of 3rd period - Wrist shot by Radek Faksa.
4:43 of 3rd period - Shot Misses the Net.
4:45 of 3rd period - Slapshot by Tyler Bertuzzi.
4:45 of 3rd period - Stopped by Igor Shesterkin without a rebound.
4:46 of 3rd period - Dylan Larkin wins face-off versus Zack Hamill in Griffins zone.
4:57 of 3rd period - Slapshot by Dylan Larkin.
4:57 of 3rd period - Stopped by Daniel Altshuller without a rebound.
4:58 of 3rd period - Zack Hamill wins face-off versus Dylan Larkin in Punishers zone.
5:09 of 3rd period - Wrist shot by Zack Hamill.
5:09 of 3rd period - Shot Blocked by Travis Sanheim.
5:11 of 3rd period - Snap shot by Andreas Athanasiou.
5:11 of 3rd period - Stopped by Igor Shesterkin with a rebound.
5:13 of 3rd period - Snap shot by Adam Pelech.
5:13 of 3rd period - Stopped by Igor Shesterkin without a rebound.
5:14 of 3rd period - Riley Armstrong wins face-off versus Radek Faksa in Griffins zone.
5:42 of 3rd period - Wrist shot by Riley Armstrong.
5:42 of 3rd period - Deflect By Dylan Larkin.
5:42 of 3rd period - Stopped by Daniel Altshuller with a rebound.
5:48 of 3rd period - Dylan Larkin is hit by Adam Pelech.
6:02 of 3rd period - Dylan Larkin is hit by Ben Betker and loses puck.
6:15 of 3rd period - Snap shot by Michael Joly.
6:15 of 3rd period - Shot Misses the Net.
6:50 of 3rd period - Backhand shot by Rourke Chartier.
6:50 of 3rd period - Goal by Rourke Chartier - Punishers : 4 - Griffins : 5.
6:51 of 3rd period - Zack Hamill wins face-off versus Dylan Larkin in neutral zone.
6:54 of 3rd period - Slapshot by Adam Pelech.
6:54 of 3rd period - Stopped by Igor Shesterkin with a rebound.
7:06 of 3rd period - Wrist shot by Zack Hamill.
7:06 of 3rd period - Deflect By Andreas Athanasiou.
7:06 of 3rd period - Shot Misses the Net.
7:06 of 3rd period - Puck is out of play.
7:07 of 3rd period - Riley Armstrong wins face-off versus Radek Faksa in Griffins zone.
7:12 of 3rd period - Slapshot by Marcus Pettersson.
7:12 of 3rd period - Shot Blocked by Adam Pelech.
7:16 of 3rd period - Wrist shot by Max Domi.
7:16 of 3rd period - Goal by Max Domi - Punishers : 4 - Griffins : 6.
7:16 of 3rd period - Louis Domingue enters game.
7:17 of 3rd period - Dylan Larkin wins face-off versus Zack Hamill in neutral zone.
7:20 of 3rd period - Slapshot by Ryan Pulock.
7:20 of 3rd period - Stopped by Louis Domingue without a rebound.
7:21 of 3rd period - Zack Hamill wins face-off versus Dylan Larkin in Punishers zone.
7:26 of 3rd period - Dylan Larkin is hit by Corey Tropp and loses puck.
7:43 of 3rd period - Icing by Madison Bowey.
7:44 of 3rd period - Radek Faksa wins face-off versus Riley Armstrong in Punishers zone.
7:59 of 3rd period - Snap shot by Riley Armstrong.
7:59 of 3rd period - Shot Misses the Net.
8:15 of 3rd period - Slapshot by Corey Tropp.
8:15 of 3rd period - Shot Misses the Net.
9:23 of 3rd period - Snap shot by Adam Gaudette.
9:23 of 3rd period - Shot Misses the Net.
9:25 of 3rd period - Slapshot by Ryan Pulock.
9:25 of 3rd period - Stopped by Louis Domingue without a rebound.
9:26 of 3rd period - Dylan Larkin wins face-off versus Zack Hamill in Punishers zone.
10:10 of 3rd period - Wrist shot by Carter Ashton.
10:10 of 3rd period - Goal by Carter Ashton - Punishers : 5 - Griffins : 6.
10:11 of 3rd period - Zack Hamill wins face-off versus Dylan Larkin in neutral zone.
10:40 of 3rd period - Off-side.
10:41 of 3rd period - Riley Armstrong wins face-off versus Radek Faksa in neutral zone.
10:46 of 3rd period - Snap shot by Adam Gaudette.
10:46 of 3rd period - Shot Misses the Net.
10:48 of 3rd period - Snap shot by Riley Armstrong.
10:48 of 3rd period - Shot Blocked by Noah Juulsen.
11:20 of 3rd period - Wrist shot by Carter Ashton.
11:20 of 3rd period - Shot Blocked by Travis Sanheim.
11:22 of 3rd period - Slapshot by Tyler Bertuzzi.
11:22 of 3rd period - Stopped by Igor Shesterkin without a rebound.
11:23 of 3rd period - Zack Hamill wins face-off versus Max Domi in Griffins zone.
11:24 of 3rd period - Snap shot by Corey Tropp.
11:24 of 3rd period - Stopped by Igor Shesterkin with a rebound.
11:30 of 3rd period - Wrist shot by Max Domi.
11:30 of 3rd period - Stopped by Louis Domingue with a rebound.
11:32 of 3rd period - Slapshot by Marcus Pettersson.
11:32 of 3rd period - Shot Misses the Net.
11:34 of 3rd period - Wrist shot by Jordie Benn.
11:34 of 3rd period - Shot Misses the Net.
11:36 of 3rd period - Slapshot by Marcus Pettersson.
11:36 of 3rd period - Stopped by Louis Domingue with a rebound.
11:38 of 3rd period - Slapshot by Jordie Benn.
11:38 of 3rd period - Deflect By Riley Armstrong.
11:38 of 3rd period - Stopped by Louis Domingue without a rebound.
11:39 of 3rd period - Dylan Larkin wins face-off versus John Quenneville in Punishers zone.
12:06 of 3rd period - Andreas Athanasiou is hit by Adam Gaudette.
12:34 of 3rd period - Wrist shot by Riley Armstrong.
12:34 of 3rd period - Stopped by Louis Domingue with a rebound.
12:36 of 3rd period - Snap shot by Adam Gaudette.
12:36 of 3rd period - Stopped by Louis Domingue without a rebound.
12:37 of 3rd period - Dylan Larkin wins face-off versus Zack Hamill in Punishers zone.
12:52 of 3rd period - Wrist shot by Ben Hanowski.
12:52 of 3rd period - Stopped by Louis Domingue with a rebound.
13:25 of 3rd period - Wrist shot by John Quenneville.
13:25 of 3rd period - Shot Misses the Net.
13:27 of 3rd period - Slapshot by Noah Juulsen.
13:27 of 3rd period - Deflect By Carter Ashton.
13:27 of 3rd period - Shot Blocked by Rourke Chartier.
13:27 of 3rd period - Puck is out of play.
13:28 of 3rd period - Sonny Milano wins face-off versus Radek Faksa in Griffins zone.
13:41 of 3rd period - Wrist shot by Carter Ashton.
13:41 of 3rd period - Shot Blocked by Simon Despres.
13:43 of 3rd period - Wrist shot by Radek Faksa.
13:43 of 3rd period - Deflect By Tyler Bertuzzi.
13:43 of 3rd period - Shot Misses the Net.
13:43 of 3rd period - Puck is out of play.
13:44 of 3rd period - Zack Hamill wins face-off versus Dylan Larkin in Griffins zone.
14:14 of 3rd period - Wrist shot by Riley Armstrong.
14:14 of 3rd period - Shot Misses the Net.
14:49 of 3rd period - Ben Betker is hit by Sonny Milano and loses puck.
15:18 of 3rd period - Fredrik Claesson is hit by Tye McGinn and loses puck.
15:33 of 3rd period - Wrist shot by Andreas Athanasiou.
15:33 of 3rd period - Stopped by Igor Shesterkin without a rebound.
15:34 of 3rd period - Radek Faksa wins face-off versus Adam Gaudette in Griffins zone.
15:43 of 3rd period - Tyler Bertuzzi is hit by Jordie Benn and loses puck.
15:48 of 3rd period - Snap shot by Riley Armstrong.
15:48 of 3rd period - Stopped by Louis Domingue without a rebound.
15:49 of 3rd period - John Quenneville wins face-off versus Mathew Barzal in Punishers zone.
15:58 of 3rd period - Snap shot by John Quenneville.
15:58 of 3rd period - Shot Blocked by Danny Kristo.
16:15 of 3rd period - Phil Oreskovic is hit by Adam Pelech and loses puck.
18:43 of 3rd period - Snap shot by Brandon Pirri.
18:43 of 3rd period - Stopped by Louis Domingue without a rebound.
18:44 of 3rd period - Zack Hamill wins face-off versus Mathew Barzal in Punishers zone.
18:44 of 3rd period - Adam Pelech is hit by Brandon Pirri and loses puck.
19:03 of 3rd period - Corey Tropp is hit by Danny Kristo and loses puck.
19:21 of 3rd period - Zack Hamill is hit by Brandon Pirri and loses puck.
19:30 of 3rd period - Slapshot by Brandon Pirri.
19:30 of 3rd period - Shot Misses the Net.
19:32 of 3rd period - Slapshot by Travis Sanheim.
19:32 of 3rd period - Stopped by Louis Domingue without a rebound.
19:33 of 3rd period - Alex Kovalev call a timeout for Punishers.
19:33 of 3rd period - Tye McGinn wins face-off versus Zack Hamill in Punishers zone.
19:42 of 3rd period - Punishers, Louis Domingue is pulled from the net.
19:42 of 3rd period - Snap shot by Corey Tropp.
19:42 of 3rd period - Shot Misses the Net.
19:44 of 3rd period - Snap shot by Corey Tropp.
19:44 of 3rd period - Shot Blocked by Marcus Pettersson.
19:46 of 3rd period - Snap shot by Andreas Athanasiou.
19:46 of 3rd period - Stopped by Igor Shesterkin with a rebound.
19:48 of 3rd period - Snap shot by Madison Bowey.
19:48 of 3rd period - Shot Misses the Net.
19:50 of 3rd period - Wrist shot by Andreas Athanasiou.
19:50 of 3rd period - Stopped by Igor Shesterkin with a rebound.
19:52 of 3rd period - Snap shot by Madison Bowey.
19:52 of 3rd period - Shot Misses the Net.
19:54 of 3rd period - Snap shot by Madison Bowey.
19:54 of 3rd period - Shot Misses the Net.
19:56 of 3rd period - Snap shot by Adam Pelech.
19:56 of 3rd period - Stopped by Igor Shesterkin with a rebound.
19:58 of 3rd period - Snap shot by Zack Hamill.
19:58 of 3rd period - Shot Misses the Net.
Goals for this period are 1 for Punishers vs 3 for Griffins.
Shots for this period are 12 for Punishers vs 18 for Griffins.